 Dungeon Crawl Stone Soup version 0.26.1-11-gd32895ea62 (webtiles) character file.

Game seed: 12365927870620753101

59 H0rd4k the Insei (level 4, -14/28 HPs)
             Began as an Octopode Transmuter on May 21, 2021.
             Demolished by an ogre
             ... wielding a cursed -1 giant club
              (21 damage)
             ... on level 5 of the Dungeon.
             The game lasted 00:01:50 (2840 turns).

H0rd4k the Insei (Octopode Transmuter)              Turns: 2840, Time: 00:01:50

Health: -14/28     AC:  1    Str:  9    XL:     4   Next: 3%
Magic:  7/7        EV: 13    Int: 16    God:
Gold:   118        SH:  0    Dex: 12    Spells: 3/7 levels left

rFire    . . .     SeeInvis .     - Unarmed
rCold    . . .     Faith    .   (no shield)
rNeg     . . .     Spirit   .   (helmet restricted)
rPois    .         Reflect  .   (no amulet)
rElec    .         Harm     .   (no ring)
rCorr    .         Rampage  .   (no ring)
Will     .....                  (no ring)
Stlth    ++........             (no ring)
HPRegen  0.09/turn              (no ring)
MPRegen  0.10/turn              (no ring)
                                (no ring)
                                (no ring)

@: no status effects
A: almost no armour, stealthy swim, amphibious, 8 rings, constrict 8, camouflage
1, gelatinous body 1
a: no special abilities


You were on level 5 of the Dungeon.
You visited 1 branch of the dungeon, and saw 5 of its levels.

You collected 118 gold pieces.

Inventory:

Missiles
 f - 12 poisoned darts (quivered)
Scrolls
 b - 3 scrolls of teleportation {unknown}
 c - 4 scrolls of identify {unknown}
 e - a scroll of magic mapping {unknown}
 g - a scroll of enchant weapon {unknown}
 i - a scroll of enchant armour {unknown}
 j - 2 scrolls of remove curse {unknown}
Potions
 a - 2 potions of curing
 d - 2 potions of attraction {unknown}
 h - a potion of ambrosia {unknown}
 k - a potion of flight {unknown}


   Skills:
 + Level 1.1 Fighting
 + Level 2.5 Dodging
 - Level 0.8 Stealth
 + Level 3.7 Unarmed Combat
 * Level 2.3 Spellcasting
 * Level 2.3 Transmutations
 * Level 0.6 Poison Magic


You had 3 spell levels left.
You knew the following spells:

 Your Spells              Type           Power        Failure   Level
a - Beastly Appendage     Tmut           18%          8%          1
b - Spider Form           Tmut/Pois      3%           32%         3

Your spell library contained the following spells:

 Spells                   Type           Power        Failure   Level
 Wereblood                Tmut           9%           12%         2
 Ice Form                 Ice/Tmut       5%           77%         4
 Blade Hands              Tmut           4%           91%         5


Dungeon Overview and Level Annotations

Branches:
Dungeon (6/15)
 Temple: D:4-7

Altars:
Dithmenos
Fedhas
Hepliaklqana
Makhleb
Yredelemnul

Annotations:
D:5 exclusions: downstairs and ice beast


Innate Abilities, Weirdness & Mutations

You cannot wear most types of armour.
You are very stealthy in the water. (Stealth+)
You are amphibious.
You can wear up to eight rings at the same time.
You can use your tentacles to constrict eight enemies at once.
Your skin changes colour to match your surroundings (Stealth+).
Your rubbery body absorbs attacks. (AC +1, EV +1)


Message History

An ice beast comes into view.
Found a stone staircase leading up.
j - 2 scrolls labelled ILOIDI DOEGGU (gained 1)
A frilled lizard comes into view.
Found a sapphire potion.
A frilled lizard is nearby!
An ogre comes into view. It is wielding a -1 giant club.
The ogre shouts!
Found a scroll labelled TIGUOSM WIZXOU.
The ogre barely misses you.
You tentacle-slap the ogre. You squeeze the ogre!
The ogre is moderately wounded.
The ogre hits you with a cursed -1 giant club!!
Ouch! That really hurt!
* * * LOW HITPOINT WARNING * * *
You see here a sapphire potion.
k - a sapphire potion The ogre hits you with a cursed -1 giant club!!
Ouch! That really hurt!
You die...

###.#### .......
#...######### ###
.......
#...#.§.§.§##
#?.# .......
+...'...._.#A
#..###.......
#...#.§.§.§##
#...#.......
#...#########
##.l....... ##.##
###..........
#..#
#####............
##.##
#...@O##.#...####
#..#
###..#####..#..##
#.#### #...
#.##..#
#....#####.##
##.# ..#
####........###
#..# ..#
######.....#
##.## ...
#..###.###..#
#.####.....##
###.###...####


You could see an ogre and a frilled lizard.

Vanquished Creatures
  A shadow imp (D:5)
  An ufetubus (D:5)
  A dart slug (D:2)
  2 leopard geckos
  2 ball pythons
  3 bats
  7 goblins
  8 hobgoblins
  4 jackals (D:2)
  2 frilled lizards
  4 kobolds
  3 rats
38 creatures vanquished.

Notes
Turn   | Place    | Note
-------+----------+-------------------------------------------
     0 | D:1      | H0rd4k the Octopode Transmuter began the quest for the Orb.
     0 | D:1      | Reached XP level 1. HP: 13/13 MP: 3/3
   231 | D:1      | Reached XP level 2. HP: 15/18 MP: 5/5
  1341 | D:2      | Reached XP level 3. HP: 17/23 MP: 6/6
  1345 | D:2      | Learned a level 3 spell: Spider Form
  1513 | D:2      | Found a hazy altar of Hepliaklqana.
  1810 | D:2      | Found a blossoming altar of Fedhas.
  2193 | D:2      | Found a shadowy altar of Dithmenos.
  2194 | D:2      | Found a burning altar of Makhleb.
  2664 | D:3      | You fall into a shaft and drop 3 floors!
  2665 | D:6      | Noticed a sky beast
  2666 | D:6      | Noticed a bullfrog
  2674 | D:5      | Entered Level 5 of the Dungeon
  2761 | D:5      | Found a basalt altar of Yredelemnul.
  2763 | D:5      | Noticed a profane servitor
  2791 | D:5      | Reached XP level 4. HP: 28/28 MP: 7/7
  2806 | D:5      | Noticed an ice beast
  2833 | D:5      | Noticed an ogre
  2840 | D:5      | Demolished by an ogre

Illustrated notes

Levels and vault maps discovered:
D:1:      eino_arrival_tree_alley, layout_loops_corners
D:2:      layout_loops_cross, nzn_hepliaklqana_mist_gate,
          gammafunk_temple_overflow_forgotten, minmay_misc_feat_rugged
D:3:      layout_loops_ring, old_standard_altar, nicolae_overflow_crystal_walls,
          gammafunk_ghost_nasty_kobolds, fedhas_altar_1
D:5:      layout_rooms, grunt_temple_overflow_holy_war, tgw_trog,
          serial_bayou_pond_e, nicolae_qazlal_style_of_elements
D:6:      layout_rooms, kennysheep_slug_shrine, serial_shops, shop_statue,
          minmay_misc_feat_diagonals, minmay_misc_feat_square

Action                   |  1- 3 |  4- 6 || total
-------------------------+-------+-------++-------
Melee: Unarmed           |    78 |     1 ||    79
       Constrict         |    28 |       ||    28
       Tentacles         |    17 |     1 ||    18
       Punch             |     3 |       ||     3
  Use: Potion            |     1 |       ||     1
 Stab: Sleeping          |     5 |       ||     5
Armor: Skin              |     2 |       ||     2
Dodge: Dodged            |    60 |     1 ||    61
